 Dungeon Crawl Stone Soup version 0.29-a0-824-gd827844252 (webtiles) character file.

Game seed: 9979421237748838668

5 flotson the Sneak (level 1, 0/18 HPs)
             Began as a Demonspawn Delver on July 9, 2022.
             Constricted to death by Ijyb (2 damage)
             ... on level 4 of the Dungeon.
             The game lasted 00:02:00 (854 turns).

flotson the Sneak (Demonspawn Delver)                Turns: 854, Time: 00:02:01

Health: 0/18       AC:  5    Str: 12    XL:     1   Next: 66%
Magic:  1/1        EV:  7    Int: 11    God:
Gold:   0          SH:  0    Dex: 14    Spells: 0/0 levels left

rFire   . . .      SeeInvis .   a - +0 spear
rCold   . . .      Faith    .   (no shield)
rNeg    . . .      Spirit   .   d - +0 ring mail
rPois   .          Reflect  .   (no helmet)
rElec   .          Harm     .   (no cloak)
rCorr   .          Rampage  .   (no gloves)
Will    .....                   (no boots)
Stlth   ++........              (no amulet)
HPRegen 0.06/turn               (no ring)
MPRegen 0.07/turn               (no ring)

@: grasped by roots, constricted
A: no striking features
a: no special abilities


You were on level 4 of the Dungeon.
You visited 1 branch of the dungeon, and saw 2 of its levels.

Inventory:

Hand Weapons
 a - a +0 spear (weapon)
Armour
 d - a +0 ring mail (worn)
Wands
 g - a wand of digging (2)
Scrolls
 c - a scroll of fog


   Skills:
 + Level 3.0 Fighting
 + Level 0.2(1.1) Axes
 - Level 1.7(1.8) Polearms
 + Level 0.2 Armour
 + Level 1.9 Dodging
 - Level 4.5 Stealth
 + Level 0.3 Evocations


You couldn't memorise any spells.
You didn't know any spells.
Your spell library was empty.

Dungeon Overview and Level Annotations

Branches:
Dungeon (5/15)             Temple (0/1) D:5

Altars:

Shops:
D:4 [

Annotations:
D:4 Ijyb


Message History

The jackal barely misses you.
You miss the jackal.
The jackal is severely wounded.
The jackal barely misses you. The jackal misses you.
You barely miss the jackal.
The jackal is severely wounded.
The jackal closely misses you.
You hit the jackal.
You kill the jackal!
Things that are here:
a jackal corpse; a jackal corpse You open the door.
A white imp comes into view.
You close the door.
Things that are here:
a jackal skeleton; a jackal skeleton A necrophage comes into view.
Aiming: Dig
Press: ? - help, Shift-Dir - straight line A rock wall.
The rock shatters into small pieces.
Ijyb the Twisted Goblin comes into view.
She is wielding a +0 club, wearing a +1 chain mail of cold resistance and carrying a wand of roots (13).
Found 5 boomerangs.
Ijyb shouts!
Found a brass ring.
Ijyb zaps a wand.
The roots erupt in riotous growth!
The grasping roots grab you!
Ijyb is unaffected.
The grasping roots constrict you.
The roots grasp on you weakens, but your attempt to escape fails.
Ijyb hits you with a +0 club. The grasping roots constrict you.
The grasping roots release their grip on you.
Found a scroll labelled QAMUAWOEMA.
Ijyb zaps a wand.
The roots erupt in riotous growth!
The grasping roots grab you!
Ijyb is unaffected.
The grasping roots constrict you.
* * * LOW HITPOINT WARNING * * *
You escape the roots grasp.
Ijyb zaps a wand.
The roots erupt in riotous growth!
The grasping roots grab you! The grasping roots constrict you.
You die...

#....###.##########.##
#####.......# #.# ###
##.#.##.# #.# +...
#...# # #.# #...##.#.##
#.# #.(....#..#
#######รท#
#....ng#.#..........###
###....................
#....#@#.###...........
#........# ...........
#........# ...........
#.........# ...........
#....=....# ...........
#......?..# ...........
#....###..# ...........
..... ..# #+########


You could see a necrophage and Ijyb.

Vanquished Creatures
  4 jackals (D:4)
4 creatures vanquished.

Notes
Turn   | Place    | Note
-------+----------+-------------------------------------------
     0 | D:5      | flotson the Demonspawn Delver began the quest for the Orb.
     0 | D:5      | Reached XP level 1. HP: 18/18 MP: 1/1
     3 | D:5      | Noticed a necrophage
    25 | D:5      | Noticed a centaur
    28 | D:5      | Noticed an iguana
    42 | D:4      | Found Zugeve Quva's Antique Armour Shoppe.
   316 | D:5      | Found a staircase to the Ecumenical Temple.
   353 | D:5      | Noticed a scorpion
   815 | D:4      | Noticed a necrophage
   849 | D:4      | Noticed Ijyb
   854 | D:4      | Constricted to death by Ijyb

Illustrated notes

Levels and vault maps discovered:
D:4:      layout_basic, gammafunk_ghost_icy, nicolae_take_the_stairs,
          kennysheep_generic_room_9, uniq_duvessa, uniq_edmund, uniq_ijyb
D:5:      layout_loops_cross, minmay_temple_entry_tees, serial_rivers,
          chequers_serial_rivers_micro_b, chequers_serial_rivers_large_b,
          chequers_serial_rivers_micro_b, chequers_serial_rivers_marsh,
          uniq_crazy_yiuf_cottage

Action                   || total
-------------------------++-------
Melee: Spear             ||    33
Evoke: Wand              ||     1
  Use: Scroll            ||     2
       Potion            ||     1
Armor: Ring mail         ||    15
       Leather armour    ||    10
Dodge: Dodged            ||    44

Table legend: (Time is in decaauts)
 A = Elapsed time spent in this place.
 B = Non-inter-level travel time spent in this place.
 C = Inter-level travel time spent in this place.
 D = Time resting spent in this place.
 E = Time spent auto-exploring this place.
 F = Levels seen in this place.
 G = Mean time per level.
                   A        B        C        D        E       F      G
               +--------+--------+--------+--------+--------+-----+--------+
         Total |    839 |    839 |      0 |    391 |    220 |   2 |  419.5 |
       Dungeon |    839 |    839 |      0 |    391 |    220 |   2 |  419.5 |
               +--------+--------+--------+--------+--------+-----+--------+

Top non-repeatable levels by time:
     D:4: 739 daAuts
     D:5: 100 daAuts
